 Dungeon Crawl Stone Soup version 0.30-a0-341-g682706514a (webtiles) character file.

Game seed: 574782589466155111

10472 NinjaNoafa the Nimble (level 11, -13/86 HPs)
             Began as a Merfolk Monk on Nov 4, 2022.
             Was a Follower of Uskayaw.
             Mangled by a large slime creature (27 damage)
             ... on level 9 of the Dungeon.
             The game lasted 00:18:38 (8716 turns).

NinjaNoafa the Nimble (Merfolk Monk)                Turns: 8716, Time: 00:18:38

Health: -13/86     AC: 10    Str: 11    XL:     11   Next: 62%
Magic:  16/17      EV: 23    Int: 14    God:    Uskayaw [*.....]
Gold:   439        SH:  0    Dex: 29    Spells: 10/10 levels left

rFire   x . .      SeeInvis +    m - +8 halberd of the Other Side {venom, *Noise Dex+9}
rCold   . . .      Faith    .    (shield currently unavailable)
rNeg    + + +      Spirit   .    o - +2 robe of Responsibility {rPois rF- rN++ Will+}
rPois   +          Reflect  .    (no helmet)
rElec   .          Harm     .    g - +1 cloak of the Unseen Realm {Drain rPois rN+ Int+3}
rCorr   .          Rampage  .    x - +0 pair of gloves
Will    +....      Clarity  +    i - +2 pair of boots
Stlth   +++++.....               (no amulet)
HPRegen 0.34/turn                b - ring of Xaleu {rPois Slay+4 SInv Stlth+}
MPRegen 0.15/turn                (no ring)

@: invisible
A: (nimble swimmer 2), mertail, clarity, poison resistance
a: Renounce Religion, Stomp


You were on level 9 of the Dungeon.
You worshipped Uskayaw.
Uskayaw was aware of your devotion.
You visited 2 branches of the dungeon, and saw 10 of its levels.
You also visited: Bailey.

You collected 439 gold pieces.

Inventory:

Hand Weapons
 m - the +8 halberd of the Other Side (weapon) {venom, *Noise Dex+9}
   (You found it on level 8 of the Dungeon)

   It poisons the flesh of those it strikes.
   Dex:       It affects your dexterity (+9).
   *Noise:    It may make noises in combat.
Missiles
 a - 2 silver boomerangs
 c - 2 throwing nets
 f - 104 stones
 n - 18 poisoned darts
 y - 2 curare-tipped darts
 G - 3 boomerangs (quivered)
Armour
 g - the +1 cloak of the Unseen Realm (worn) {Drain rPois rN+ Int+3}
   (You found it on level 5 of the Dungeon)

   Int:       It affects your intelligence (+3).
   rPois:     It protects you from poison.
   rN:        It protects you from negative energy.
   Drain:     It drains your maximum health when unequipped.
 i - a +2 pair of boots (worn)
 o - the +2 robe of Responsibility (worn) {rPois rF- rN++ Will+}
   (You took it off a hobgoblin on level 2 of the Dungeon)

   rF:        It makes you vulnerable to fire.
   rPois:     It protects you from poison.
   rN:        It greatly protects you from negative energy.
   Will:      It increases your willpower.
 x - a +0 pair of gloves (worn)
Jewellery
 b - the ring of Xaleu (left hand) {rPois Slay+4 SInv Stlth+}
   (You found it on level 3 of the Dungeon)

   [ring of slaying]

   Slay:      It affects your accuracy & damage with ranged weapons and melee
   (+4).
   rPois:     It protects you from poison.
   SInv:      It lets you see invisible.
   Stlth:     It makes you more stealthy.
Wands
 e - a wand of acid (5)
 h - a wand of paralysis (13)
 s - a wand of digging (3)
 w - a wand of mindburst (19)
Scrolls
 j - 2 scrolls of amnesia
 k - 3 scrolls of torment
 r - a scroll of fear
Potions
 q - a potion of invisibility
 t - 2 potions of heal wounds
 u - a potion of flight
 v - 3 potions of lignification
 z - 2 potions of mutation
 A - 2 potions of haste
 B - 2 potions of resistance
 C - 3 potions of might
 D - 3 potions of brilliance


   Skills:
 - Level 8.1 Fighting
 - Level 9.0 Short Blades
 + Level 9.0 Polearms
 - Level 10.3 Dodging
 - Level 5.0 Stealth
 - Level 9.3 Invocations
 - Level 7.0 Evocations


You had 10 spell levels left.
You didn't know any spells.
Your spell library contained the following spells:

 Spells                   Type           Power      Damage    Failure   Level
 Blink                    Tloc           0%         N/A       41%         2
 Gell's Gravitas          Tloc           0%         N/A       65%         3
 Ozocubu's Armour         Ice            0%         N/A       65%         3
 Teleport Other           Tloc           0%         N/A       65%         3
 Manifold Assault         Tloc           0%         N/A       96%         4
 Petrify                  Tmut/Erth      0%         N/A       96%         4
 Metabolic Englaciation   Hex/Ice        0%         N/A       100%        5
 Dispersal                Tloc           0%         N/A       100%        6
 Statue Form              Tmut/Erth      0%         N/A       100%        6
 Ozocubu's Refrigeration  Ice            0%         4d7       100%        7
 Storm Form               Tmut/Air       0%         N/A       100%        7


Dungeon Overview and Level Annotations

Branches:
Dungeon (9/15)             Temple (1/1) D:7          Bailey (visited)
   Lair: D:8-11         Orc: D:9-12

Altars:
Ashenzari
Cheibriados
Elyvilon
Fedhas
Gozag
Hepliaklqana
Kikubaaqudgha
Makhleb
Nemelex Xobeh
Okawaru
Qazlal
Ru
Sif Muna
Trog
Uskayaw
Xom
Yredelemnul
Zin
The Shining One

Shops:
D:9 (


Innate Abilities, Weirdness & Mutations

((You are very nimble when in or above water. (Stealth+, EV+, Speed+++)))
Your lower body shifts to a powerful aquatic tail in water.
You possess an exceptional clarity of mind.
Your system is resistant to poisons. (rPois)


Message History

The slime creature hits you! The slime creature closely misses you.
You slash the slime creature!
The slime creature looks as sick as possible!
The slime creature is almost dead.
The slime creature hits you! x2
* * * LOW HITPOINT WARNING * * *
The slime creature hits you but does no damage.
The slime creature barely misses you. The slime creature hits you!
* * * LOW HITPOINT WARNING * * *
You can now pass through a line of other dancers.
You kill the slime creature!
Your Polearms skill increases to level 9!
You feel much better. The slime creature barely misses you.
The slime creature closely misses you.
The slime creature attacks as you move away!
The slime creature hits you but does no damage.
The slime creature attacks as you move away!
The slime creature completely misses you.
You feel much better. The slime creature closely misses you.
The slime creature hits you!
The slime creature attacks as you move away!
The slime creature hits you.
The slime creature attacks as you move away!
The slime creature closely misses you.
Two slime creatures merge to form a large slime creature.
You can no longer pass through a line of other dancers.
You fade into invisibility!
Okay, then.
It was a potion of cancellation.
Your magical effects are unravelling.
You feel magically purged.
You flicker back into view.
The large slime creature attacks as you move away!
The large slime creature barely misses you.
The large slime creature attacks as you move away!
The large slime creature hits you!!!
* * * LOW HITPOINT WARNING * * *
You fade into invisibility!
The large slime creature hits you!!
You die...

*,,,,,,!............# #.#.####
*,******####..<.....####.......
*,**** #.#.............####
*,,,,* #.####........### ****,*
#,* #.######## *,* *,####.####
#.# *** *,#.......#
#.#**,#**,#J#####.#
#.#*.#.,,,#@# #.#########
#.#*#.#**##.# #.........# #.#
#.# ##..# #.#######.# #.# #.#
#.#.#####.#######.##
######)###.#
#.#.................
...........#
#.##.##.#########...
######.##..####.#.#.## ####
#......##.)))........#
#.###.###.#######.##.#


You could see a large slime creature (unable to see you).

Vanquished Creatures
  A kobold demonologist (D:9)
  A troll (D:8)
  2 slime creatures
  A shadow (D:9)
  5 yaks (D:9)
  Duvessa (D:4)
  3 black bears (D:6)
  2 ice beasts
  5 orc warriors
  4 ogres
  4 kobold brigands
  A necrophage (D:5)
  2 gnoll sergeants
  A bullfrog (D:8)
  3 scorpions
  4 wights
  4 killer bees (D:7)
  Dowan (D:4)
  2 howler monkeys
  4 hounds
  4 orc priests
  5 iguanas
  8 orc wizards
  Robin (D:3)
  17 gnolls
  9 adders
  3 shadow imps
  3 white imps
  2 worms
  2 dart slugs
  39 orcs
  4 bats
  4 endoplasms
  2 giant cockroaches
  19 goblins
  10 hobgoblins
  4 jackals (D:4)
  13 kobolds
  A quokka (D:2)
  5 ball pythons
  3 frilled lizards
  5 rats
214 creatures vanquished.

Vanquished Creatures (collateral kills)
  An iguana (D:5)
1 creature vanquished.

Grand Total: 215 creatures vanquished

Notes
Turn   | Place    | Note
-------+----------+-------------------------------------------
     0 | D:1      | NinjaNoafa the Merfolk Monk began the quest for the Orb.
     0 | D:1      | Reached XP level 1. HP: 18/18 MP: 1/1
   482 | D:1      | Reached XP level 2. HP: 24/24 MP: 2/2
  1075 | D:2      | Reached XP level 3. HP: 29/29 MP: 3/3
  1075 | D:2      | Found a burning altar of Makhleb.
  1798 | D:2      | Identified the +2 robe of Responsibility {rPois rF- rN++
                  | Will+}
  1850 | D:2      | Reached skill level 5 in Dodging
  1850 | D:2      | Reached XP level 4. HP: 35/35 MP: 4/4
  2062 | D:3      | Noticed Robin
  2066 | D:3      | Killed Robin
  2067 | D:3      | Reached skill level 5 in Short Blades
  2156 | D:3      | Identified the ring of Xaleu {rPois Slay+4 SInv Stlth+}
  2483 | D:3      | Reached XP level 5. HP: 15/42 MP: 5/5
  2645 | D:3      | Noticed an ogre
  2649 | D:3      | Killed an ogre
  2650 | D:3      | Reached XP level 6. HP: 48/48 MP: 6/6
  3427 | D:4      | Noticed Duvessa
  3432 | D:4      | Noticed Dowan
  3434 | D:4      | Killed Duvessa
  3435 | D:4      | Reached skill level 6 in Dodging
  3435 | D:4      | Killed Dowan
  3436 | D:4      | Reached XP level 7. HP: 55/55 MP: 7/7
  3747 | D:4      | Reached skill level 5 in Fighting
  3772 | D:4      | Gained mutation: You have a pair of small horns on your
                  | head. [potion of mutation]
  3772 | D:4      | Gained mutation: Your spells are a little easier to cast,
                  | but a little less powerful. [potion of mutation]
  3787 | D:4      | Reached skill level 5 in Stealth
  4075 | D:5      | Entered Level 5 of the Dungeon
  4143 | D:5      | Reached skill level 7 in Dodging
  4167 | D:5      | Reached XP level 8. HP: 62/62 MP: 8/8
  4521 | D:5      | Identified the +1 cloak of the Unseen Realm {Drain rPois
                  | rN+ Int+3}
  4750 | D:6      | Reached skill level 8 in Dodging
  5073 | D:6      | Reached skill level 9 in Dodging
  5379 | D:6      | Reached XP level 9. HP: 71/71 MP: 9/9
  5672 | D:7      | Reached skill level 1 in Evocations
  6109 | D:7      | Found a staircase to the Ecumenical Temple.
  6140 | Temple   | Entered the Ecumenical Temple
  6322 | Temple   | Became a worshipper of Uskayaw the Reveller
  6322 | Temple   | Reached * piety under Uskayaw
  6561 | D:7      | Reached ** piety under Uskayaw
  6565 | D:7      | Reached *** piety under Uskayaw
  6574 | D:7      | Reached **** piety under Uskayaw
  6965 | D:8      | Noticed a troll
  6973 | D:8      | Killed a troll
  6974 | D:8      | Reached skill level 5 in Evocations
  7076 | D:8      | Found a white marble altar of Elyvilon.
  7122 | D:8      | Found a flagged portal.
  7155 | D:8      | Reached ***** piety under Uskayaw
  7241 | D:8      | Identified the +8 halberd of the Other Side {venom, *Noise
                  | Dex+9}
  7260 | Bailey   | Entered a bailey
  7366 | Bailey   | Reached skill level 1 in Invocations
  7412 | Bailey   | Lost mutation: You have a pair of small horns on your head.
                  | [potion of mutation]
  7412 | Bailey   | Lost mutation: Your spells are a little easier to cast, but
                  | a little less powerful. [potion of mutation]
  7412 | Bailey   | Gained mutation: Your system is resistant to poisons.
                  | (rPois) [potion of mutation]
  7412 | Bailey   | Gained mutation: You possess an exceptional clarity of
                  | mind. [potion of mutation]
  7742 | D:8      | Reached XP level 10. HP: 69/79 MP: 10/12
  7748 | D:8      | Found a hazy altar of Hepliaklqana.
  8273 | D:9      | Noticed a kobold demonologist
  8284 | D:9      | Noticed a rust devil
  8286 | D:9      | Killed a kobold demonologist
  8287 | D:9      | Reached skill level 5 in Invocations
  8564 | D:9      | Found Poergh's Weapon Shoppe.
  8634 | D:8      | Reached skill level 5 in Polearms
  8638 | D:8      | Reached skill level 10 in Dodging
  8638 | D:8      | Reached XP level 11. HP: 73/86 MP: 15/17
  8716 | D:9      | Mangled by a large slime creature

Illustrated notes

Levels and vault maps discovered:
D:1:      psy_arrival_fountain, layout_basic, minmay_misc_feat_encased
D:2:      layout_basic, basic_altar, feat_on_display
D:3:      layout_loops_corners, grunt_ministairs_6, minmay_ogre_servants,
          uniq_robin
D:4:      layout_basic, uniq_duvessa
D:5:      layout_cave_pools, nicolae_concentric_dashed_squares_mild
D:6:      layout_loops_ring
D:7:      layout_gridville, minmay_temple_entry_glass, chequers_arboretum
D:8:      layout_gridville, enter_bailey_2, hangedman_feature_mirror
D:9:      layout_loops_ring, nicolae_vehumet_altar_sigil,
          gammafunk_temple_overflow_claw, serial_shops, shop,
          nicolae_concentric_dashed_squares_wild
Temple:   regret_index_temple_chain_breaker

Skill      XL: |  1  2  3  4  5  6  7  8  9 10 11 |
---------------+----------------------------------+-----
Short Blades   | 4 5 6 7 9 |  9.0
Stealth        | 3 4 5 |  5.0
Dodging        | 5 6 7 9 10 | 10.3
Fighting       | 4 5 6 7 8 |  8.1
Evocations     | 7 |  7.0
Invocations    | 3 9 |  9.3
Polearms       | 8 9 |  9.0

Action                   |  1- 3 |  4- 6 |  7- 9 | 10-12 || total
-------------------------+-------+-------+-------+-------++-------
Melee: Short sword       |   132 |    21 |       |       ||   153
       Punch             |     1 |     1 |     4 |       ||     6
       Dagger            |       |    56 |       |       ||    56
       Rapier            |       |       |   228 |       ||   228
       Headbutt          |       |       |    45 |       ||    45
       Halberd           |       |       |    45 |    69 ||   114
Throw: Dart              |     6 |     4 |     3 |       ||    13
       Stone             |     5 |       |     2 |       ||     7
       Boomerang         |       |       |       |     2 ||     2
Invok: Stomp             |       |       |       |     1 ||     1
Evoke: Wand              |       |       |     1 |       ||     1
  Use: Potion            |     3 |     2 |     8 |     6 ||    19
       Scroll            |       |     5 |     9 |     9 ||    23
 Stab: Sleeping          |    12 |     5 |    23 |     5 ||    45
       Distracted        |       |     2 |       |       ||     2
       Paralysed         |       |       |     5 |     7 ||    12
Armor: Robe              |    22 |    23 |    51 |    15 ||   111
       Skin              |       |     4 |       |       ||     4
Dodge: Dodged            |    77 |    58 |   231 |    91 ||   457
Block: Buckler           |       |       |    13 |       ||    13

Table legend: (Time is in decaauts)
 A = Elapsed time spent in this place.
 B = Non-inter-level travel time spent in this place.
 C = Inter-level travel time spent in this place.
 D = Time resting spent in this place.
 E = Time spent auto-exploring this place.
 F = Levels seen in this place.
 G = Mean time per level.
                   A        B        C        D        E       F      G
               +--------+--------+--------+--------+--------+-----+--------+
         Total |   8618 |   8169 |    449 |     31 |   6410 |  11 |  783.5 |
       Dungeon |   8096 |   7686 |    410 |     31 |   6102 |   9 |  899.6 |
        Temple |    202 |    163 |     39 |      0 |    146 |   1 |  202.0 |
        Bailey |    319 |    319 |      0 |      0 |    162 |   1 |  319.0 |
               +--------+--------+--------+--------+--------+-----+--------+

Top non-repeatable levels by time:
     D:8: 1158 daAuts
     D:4: 1144 daAuts
     D:3: 1056 daAuts
     D:1: 1025 daAuts
     D:7: 958 daAuts
     D:6: 813 daAuts
     D:2: 807 daAuts
     D:5: 705 daAuts
     D:9: 427 daAuts
  Bailey: 319 daAuts
  Temple: 202 daAuts
